 Dungeon Crawl Stone Soup version 0.21.1-1-g345015fe64 (webtiles) character file.

366 RageMage the Skirmisher (level 6, -1/49 HPs)
             Began as a Demonspawn Abyssal Knight on May 11, 2018.
             Was a Priest of Lugonu.
             Slain by a water moccasin (2 damage)
             ... on level 5 of the Dungeon.
             The game lasted 00:16:14 (5986 turns).

RageMage the Skirmisher (Demonspawn Abyssal Knight) Turns: 5986, Time: 00:16:15

Health: -1/49      AC:  5    Str: 14    XL:     6   Next: 40%
Magic:  7/7        EV: 11    Int: 14    God:    Lugonu [***...]
Gold:   211        SH:  0    Dex: 12    Spells: 5/5 levels left

rFire    . . .     SeeInvis .   a - +1 falchion
rCold    . . .     Gourm    .   (no shield)
rNeg     . . .     Faith    .   h - +0 ring mail
rPois    .         Spirit   .   (helmet unavailable)
rElec    .         Reflect  .   (no cloak)
rCorr    .         Harm     .   (no gloves)
MR       .....                  (no boots)
Stlth    +.........             (no amulet)
HPRegen  0.16/turn              (no ring)
MPRegen  0.10/turn              (no ring)

@: lethally poisoned (-1 -> -52)
A: horns 3
a: Depart the Abyss, Bend Space, Banish, Renounce Religion


You were on level 5 of the Dungeon.
You worshipped Lugonu.
Lugonu was most pleased with you.
You were not hungry.

You visited 1 branch of the dungeon, and saw 5 of its levels.
You visited the Abyss 1 time.

You collected 211 gold pieces.

Inventory:

Hand Weapons
 a - a +1 falchion (weapon)
Armour
 b - a +0 leather armour
 h - a +0 ring mail (worn)
 m - a +0 scale mail
 n - a +0 ring mail
Magical Staves
 i - a cursed staff of fire {unknown}
Scrolls
 d - 2 scrolls of identify
 e - 3 scrolls of remove curse
 f - a scroll of teleportation
 g - a scroll of immolation {unknown}
 k - a scroll of noise {unknown}
 l - a scroll of enchant armour {unknown}
 o - 2 scrolls of enchant weapon {unknown}
Comestibles
 c - 8 rations


   Skills:
 + Level 4.6 Fighting
 + Level 4.1 Long Blades
 + Level 3.1 Armour
 + Level 1.6 Dodging
 + Level 0.3 Stealth
 + Level 2.6 Invocations


You had 5 spell levels left.
You didn't know any spells.

Dungeon Overview and Level Annotations

Branches:
Dungeon (5/15)             Temple (0/1) D:5

Altars:
Makhleb
Okawaru
Sif Muna
Uskayaw
Wu Jian
Xom
Yredelemnul
The Shining One


Innate Abilities, Weirdness & Mutations

You have a pair of large horns on your head.


Message History

The water moccasin is almost dead.
You feel very sick. The water moccasin bites you.
The water moccasin barely misses you.
You riposte.
You miss the water moccasin.
The water moccasin is almost dead.
You closely miss the water moccasin.
The water moccasin is almost dead.
You feel very sick. The water moccasin bites you!
* * * LOW HITPOINT WARNING * * *
You hit the water moccasin.
Your headbutt misses the water moccasin.
The water moccasin is almost dead.
* * * LOW HITPOINT WARNING * * *
You feel very sick. The water moccasin bites you.
* * * LOW HITPOINT WARNING * * *
You are more poisoned.
The water moccasin poisons you! The water moccasin bites you.
You die...

#..............#
#......#####........
#......# #........
#......# #........
#......# #........
###+#......#####........
..........##...##+##'###
..........#.......#.....
......S@..'.......'.....
..........#.......#....#
..........#.......#....+
..........#.......#....#
.......(..#.##....##....
...##+########....##....
... .....#..... ..
......#.....


You could see a water moccasin.

Vanquished Creatures
  2 hounds (D:4)
  A bullfrog zombie (D:5)
  4 worker ants
  A hound skeleton (D:4)
  Robin (D:3)
  2 gnolls (D:1)
  A howler monkey skeleton (D:4)
  2 adders
  A shadow imp (D:4)
  2 oozes (D:1)
  2 worms
  A dart slug (D:1)
  A leopard gecko (D:3)
  2 orcs (D:3)
  8 bats
  6 giant cockroaches
  15 goblins
  7 hobgoblins
  9 jackals
  3 quokkas
  3 frilled lizards
  3 kobolds
  8 rats
  A butterfly (D:5)
86 creatures vanquished.

Notes
Turn   | Place    | Note
-------+----------+-------------------------------------------
     0 | Abyss:1  | RageMage the Demonspawn Abyssal Knight began the quest for the Orb.
     0 | Abyss:1  | Reached XP level 1. HP: 18/18 MP: 2/2
     1 | Abyss:1  | Found a corrupted altar of Lugonu.
    12 | D:1      | Escaped the Abyss
   134 | D:1      | Gained mutation: You have a pair of small horns on your head. [demonic ancestry]
   134 | D:1      | Reached XP level 2. HP: 15/24 MP: 3/3
   356 | D:1      | Gained mutation: You have a pair of horns on your head. [demonic ancestry]
   356 | D:1      | Reached XP level 3. HP: 14/29 MP: 4/4
   407 | D:1      | Reached skill level 1 in Dodging
   797 | D:2      | Gained mutation: You have a pair of large horns on your head. [demonic ancestry]
   797 | D:2      | Reached XP level 4. HP: 7/37 MP: 5/5
   957 | D:2      | Found a hide-covered altar of Uskayaw.
  1251 | D:2      | Reached ** piety under Lugonu
  1727 | D:3      | Found an iron altar of Okawaru.
  1780 | D:3      | Noticed Robin
  1798 | D:3      | Killed Robin
  1839 | D:3      | Found a faded altar of an unknown god.
  2535 | D:3      | Reached XP level 5. HP: 40/42 MP: 6/6
  2610 | D:3      | Reached *** piety under Lugonu
  2884 | D:4      | Found a deep blue altar of Sif Muna.
  3490 | D:4      | Found a basalt altar of Yredelemnul.
  3494 | D:4      | Found a shimmering altar of Xom.
  3687 | D:4      | Found a glowing golden altar of the Shining One.
  3938 | D:4      | Found an ornate altar of the Wu Jian Council.
  4261 | D:4      | Reached XP level 6. HP: 35/49 MP: 7/7
  4270 | D:4      | Found a burning altar of Makhleb.
  5859 | D:5      | Entered Level 5 of the Dungeon
  5944 | D:5      | Found a staircase to the Ecumenical Temple.
  5973 | D:5      | Noticed a water moccasin
  5986 | D:5      | HP: 1/49 [water moccasin (3)]
  5986 | D:5      | Slain by a water moccasin

Skill      XL: |  1  2  3  4  5  6 |
---------------+-------------------+-----
Long Blades    | 2 3 4 |  4.1
Armour         | 2 3 |  3.1
Dodging        | 1 |  1.6
Fighting       | 4 |  4.6
Stealth        | |  0.3
Invocations    | |  2.6

Action                   |  1- 3 |  4- 6 || total
-------------------------+-------+-------++-------
Melee: Falchion          |    75 |   182 ||   257
       Headbutt          |     9 |    27 ||    36
  Use: Scroll            |       |     3 ||     3
       Potion            |       |     7 ||     7
  Eat: Chunk             |       |     4 ||     4
       Ration            |       |     4 ||     4
Armor: Leather armour    |    25 |    15 ||    40
       Scale mail        |       |    17 ||    17
       Ring mail         |       |    30 ||    30
Dodge: Dodged            |    50 |    87 ||   137
       Rpst.: Falchion   |    16 |    30 ||    46
